Map: Bridgehead LE (Void)

Players

Beastyqt - Winner!

  • Race: Terran Terran
  • League: Master

Dragon

  • Race: Terran Terran
  • League: Master

Event: Lycan League Weekly August #1

VOD

Have the link to the VOD?

Description

Time

  • Played on: Aug. 3, 2015, 2:43 p.m.
  • Length: 11:53

All games in this series

Show
View Real Time Build Order
Export as new Build Order

Beastyqt Terran - Winner!

Build Orders: 1/1/1, Bio Tank, Widow Mine Drop 

Get SALT Encoding   

  12  0:01  SCV  
  13  0:13  SCV  
  14  0:18  Supply Depot  
  14  0:25  SCV  
  15  0:30  Refinery  
  15  0:40  SCV  
  16  0:45  Barracks  
  16  0:52  SCV  
  17  1:04  SCV  
  18  1:16  SCV  
  19  1:28  SCV  
  19  1:32  Factory  
  20  1:34  Marine  
  21  1:41  Orbital Command  
  21  1:42  Supply Depot  
  21  1:52  Marine  
  22  2:07  SCV  
  23  2:10  Marine  
  24  2:17  Starport  
  24  2:18  Hellion  
  24  2:20  Supply Depot, SCV  
  26  2:27  Marine  
  27  2:33  SCV  
  28  2:38  Widow Mine  
  30  2:45  Marine  
  30  2:48  SCV  
  30  2:49  Supply Depot  
  32  2:55  Medivac  
  34  3:00  SCV  
  34  3:03  Marine  
  36  3:08  Hellion  
  38  3:14  SCV  
  38  3:18  Command Center  
  39  3:24  Refinery  
  39  3:26  SCV  
  40  3:30  Barracks Reactor  
  40  3:39  Supply Depot, SCV  
  40  3:40  Viking  
  43  3:52  SCV  
  44  4:04  SCV  
  44  4:08  Marine x2  
  47  4:16  SCV  
  48  4:19  Command Center  
  48  4:22  Engineering Bay  
  48  4:28  SCV  
  45  4:31  SCV  
  45  4:32  Factory Tech Lab  
  45  4:40  SCV  
  45  4:43  Marine  
  46  4:49  Orbital Command  
  46  4:51  Siege Tank  
  45  4:53  Viking  
  47  5:00  Viking  
  47  5:02  SCV  
  50  5:07  Marine  
  51  5:14  SCV  
  51  5:16  SCV  
  53  5:24  Siege Tank  
  53  5:26  SCV  
  53  5:28  Viking  
  57  5:31  SCV  
  57  5:32  Orbital Command  
  58  5:36  Refinery x2  
  58  5:38  SCV  
  58  5:40  Viking  
  61  5:43  SCV  
  62  5:50  SCV  
  62  5:55  SCV  
  62  5:56  Barracks Tech Lab  
  64  5:57  Barracks  
  64  5:58  SCV  
  64  5:59  Barracks  
  64  6:03  SCV, Siege Tank  
  69  6:07  SCV  
  69  6:11  SCV  
  73  6:20  SCV  
  73  6:23  Barracks x2  
  73  6:24  Medivac x2  
  73  6:25  SCV  
  78  6:31  Marine  
  78  6:32  SCV, Stimpack  
  79  6:37  SCV  
  80  6:44  SCV  
  80  6:46  Orbital Command  
  80  6:47  Barracks Reactor x2  
  81  6:49  SCV  
  81  6:50  Barracks  
  81  6:54  Siege Tank, Barracks  
  85  7:01  Supply Depot x2  
  85  7:02  Supply Depot  
  85  7:03  Engineering Bay  
  85  7:08  Terran Infantry Weapons Level 1  
  85  7:13  Marine  
  85  7:14  SCV, Missile Turret x2  
  85  7:15  SCV, Sensor Tower  
  85  7:16  SCV  
  85  7:22  Barracks Reactor x2, Supply Depot  
  85  7:23  Marine  
  85  7:24  Marine x2  
  85  7:27  SCV  
  85  7:28  SCV  
  90  7:30  Siege Tank  
  90  7:33  SCV  
  94  7:39  SCV  
  94  7:41  Marine x2  
  94  7:42  Barracks Reactor  
  94  7:43  Barracks Reactor, SCV  
  98  7:48  SCV  
  99  7:52  SCV, Marine x3  
  101  7:59  SCV, Marine x2  
  101  8:00  SCV  
  101  8:05  Terran Infantry Armor Level 1  
  105  8:06  Marine  
  105  8:08  Armory  
  105  8:10  Marine x2  
  105  8:11  Marine x2  
  105  8:13  Siege Tank  
  105  8:19  Supply Depot, Marine x2  
  110  8:28  Refinery  
  110  8:29  Refinery  
  110  8:31  Supply Depot, Marine x2  
  110  8:32  Combat Shields  
  112  8:34  Marine  
  112  8:35  Marine  
  114  8:45  Medivac x2, Marine x2  
  120  8:51  Marine  
  116  8:58  SCV  
  116  9:00  Marine  
  116  9:01  Siege Tank, Marine  
  116  9:02  Marine  
  111  9:05  Marine x3  
  111  9:06  Marine x2  
  116  9:10  Command Center  
  116  9:11  Marine  
  116  9:15  Medivac  
  116  9:16  Marine x2, Medivac  
  123  9:17  Marine x2  
  123  9:18  Marine  
  123  9:19  Terran Infantry Weapons Level 2, Marine  
  127  9:24  Marine x2  
  127  9:28  Supply Depot  
  127  9:30  Supply Depot  
  129  9:35  Terran Vehicle Weapons Level 1  
  129  9:36  Factory  
  129  9:40  Siege Tank  
  129  9:42  Marine  
  133  9:45  Supply Depot  
  133  9:49  Marine  
  133  9:50  Marine x2  
  133  9:51  Marine x4  
  140  9:54  Medivac x2  
  140  9:55  Marine x2  
  140  9:56  Marine x2  
  145  10:00  Supply Depot  
  145  10:07  Marine x2  
  143  10:10  Marine x2  
  143  10:12  Siege Tank  
  142  10:15  Marine x2  
  142  10:16  Marine x2  
  129  10:22  Marine x2  
  129  10:24  Medivac x2  
  129  10:25  SCV  
  129  10:26  SCV  
  137  10:33  Marine x2  
  139  10:39  Marine x3  
  139  10:41  Factory Tech Lab  
  142  10:44  Siege Tank  
  145  10:52  Marine x3  
  145  10:53  Refinery  
  145  10:54  Medivac x2  
  145  10:55  Planetary Fortress  
  144  11:04  Missile Turret  
  144  11:05  Marine x2  
  144  11:06  Sensor Tower  
  144  11:07  Refinery, Sensor Tower  
  144  11:09  Siege Tank  
  144  11:10  Marine x3  
  152  11:11  Marine  
  152  11:15  Marine x3  
  152  11:17  Siege Tank, Marine  
  152  11:18  Marine  
  161  11:25  Marine  
  162  11:26  Marine x3  
  162  11:28  Marine x2  
  162  11:30  Marine x2  
  162  11:32  Marine  
  162  11:33  Marine  
  162  11:34  Marine  
Show
View Real Time Build Order
Export as new Build Order

Dragon Terran 

Build Orders: Reaper Expand 

Get SALT Encoding   

  12  0:00  SCV  
  13  0:13  SCV  
  14  0:19  Supply Depot  
  14  0:25  SCV  
  15  0:31  Refinery  
  15  0:41  SCV  
  16  0:46  Barracks  
  16  0:53  SCV  
  17  1:05  SCV  
  18  1:17  SCV  
  19  1:33  Reaper, Orbital Command  
  20  1:47  Command Center  
  20  1:58  Supply Depot  
  20  1:59  SCV  
  21  2:05  Marine  
  21  2:08  Factory  
  22  2:11  SCV  
  23  2:20  Refinery  
  23  2:22  Marine  
  23  2:23  SCV  
  25  2:35  SCV  
  26  2:42  Barracks Tech Lab  
  26  2:47  SCV  
  26  2:59  SCV  
  26  3:01  Starport, Orbital Command  
  27  3:09  Barracks Tech Lab, Siege Tank  
  27  3:12  SCV  
  31  3:27  Command Center, SCV x2  
  31  3:31  Refinery, Marine  
  34  3:41  SCV x2, Viking  
  38  3:50  Siege Tank, Marine  
  38  3:53  SCV  
  38  3:55  SCV  
  43  4:10  Viking  
  38  4:21  Marine  
  38  4:22  Siege Tank  
  42  4:27  SCV  
  38  4:39  SCV  
  39  4:46  Orbital Command  
  39  4:51  SCV, Marine  
  42  4:55  Orbital Command  
  42  4:56  Stimpack  
  41  5:00  Barracks  
  41  5:03  SCV  
  42  5:08  Engineering Bay  
  42  5:15  SCV  
  42  5:16  Marine  
  42  5:17  SCV  
  44  5:24  SCV  
  44  5:27  SCV  
  46  5:29  SCV  
  46  5:34  Marine  
  48  5:36  SCV  
  48  5:39  SCV  
  48  5:42  Terran Infantry Weapons Level 1  
  50  5:47  Barracks, Medivac  
  52  5:50  Barracks Reactor  
  52  5:51  SCV x2, Marine  
  55  5:59  Missile Turret  
  55  6:00  Refinery  
  55  6:03  Siege Tank  
  58  6:05  SCV x3  
  58  6:11  Marine  
  61  6:17  SCV, Missile Turret  
  61  6:18  SCV  
  60  6:27  Marine  
  60  6:28  Orbital Command  
  61  6:35  SCV, Marine x2  
  61  6:36  SCV  
  61  6:38  Barracks Reactor  
  61  6:39  Starport Reactor  
  65  6:47  SCV  
  65  6:48  SCV, Starport  
  65  6:49  Marine  
  65  6:52  Starport, Missile Turret  
  65  6:53  Marine  
  69  6:57  Supply Depot  
  69  6:58  Supply Depot  
  69  7:07  Missile Turret  
  69  7:12  Supply Depot  
  69  7:13  SCV x2  
  69  7:18  Viking x2  
  69  7:19  SCV, Siege Tank, Liberator  
  69  7:21  Missile Turret  
  77  7:24  Armory  
  77  7:25  SCV x2  
  79  7:30  Sensor Tower  
  79  7:31  Marine x2  
  84  7:43  Sensor Tower, Marine x2  
  81  7:44  Viking  
  81  7:46  SCV  
  81  7:53  Viking  
  81  7:54  SCV  
  84  8:02  Viking  
  84  8:04  SCV x2  
  88  8:08  SCV  
  88  8:09  Marine  
  88  8:10  Marine x2  
  92  8:15  Marine  
  92  8:17  Supply Depot x2  
  93  8:23  Terran Vehicle Weapons Level 1  
  93  8:27  Supply Depot, Refinery  
  93  8:29  Refinery  
  93  8:31  Missile Turret  
  93  8:38  Viking, Marine x2  
  93  8:39  SCV x2, Siege Tank, Medivac  
  104  8:44  SCV  
  104  8:51  SCV  
  104  8:52  Missile Turret  
  104  8:53  SCV  
  103  8:59  SCV  
  101  9:03  SCV  
  101  9:04  Liberator x2  
  101  9:05  SCV  
  102  9:11  SCV  
  102  9:15  SCV, Marine x2  
  102  9:16  Marine x2  
  108  9:22  Marine  
  117  9:26  Supply Depot, Siege Tank  
  117  9:30  SCV x2  
  120  9:32  Marine  
  120  9:36  Medivac x2  
  125  9:41  Engineering Bay  
  125  9:47  Marine x3  
  125  9:48  Barracks  
  125  9:49  Supply Depot  
  128  9:54  SCV  
  128  9:56  Marine x2  
  125  10:03  SCV  
  125  10:04  SCV, Viking  
  125  10:06  SCV  
  112  10:09  Marine  
  105  10:14  Marine  
  105  10:15  SCV  
  105  10:16  SCV, Marine  
  105  10:17  Liberator  
  105  10:18  SCV  
  105  10:26  Marine x2  
  105  10:27  SCV, Marine  
  105  10:28  SCV  
  110  10:29  Siege Tank  
  110  10:30  SCV  
  117  10:41  Marine x2  
  119  10:44  Marine  
  119  10:47  Medivac  
  122  10:56  Marine x2  
  122  10:57  Marine  
  122  10:58  Marine  
  122  10:59  Supply Depot, Marine  
  122  11:01  SCV, Marine, Supply Depot  
  122  11:02  Siege Tank  
  130  11:07  SCV x2  
  131  11:14  Marine x3  
  129  11:20  Missile Turret  
  129  11:21  Marine  
  103  11:35  Marine  

Tags
 
Add a new tag
Caveats
  • Supply blocks, unpowered buildings, or Contaminate may cause inaccurate times.
  • Supply counts are checked every 10 seconds.